 Dungeon Crawl Stone Soup version 0.19-a0-562-g1076154 (webtiles) character file.

72302 TheGoonsmith the Nimble (level 15, -8/90 HPs)
             Began as a Deep Elf Fire Elementalist on June 8, 2016.
             Was a High Priest of Vehumet.
             Blown up by a spellforged servitor (98 damage)
             ... with an orb of destruction
             ... summoned by the player character
             ... on level 11 of the Dungeon.
             The game lasted 01:11:33 (27239 turns).

TheGoonsmith the Nimble (DEFE)                     Turns: 27239, Time: 01:11:33

Health: -8/90      AC: 17    Str:  5    XL:     15   Next: 0%
Magic:  43/49      EV: 23    Int: 28    God:    Vehumet [*****.]
Gold:   1353       SH:  6    Dex: 17    Spells: 8 memorised, 2 levels left

rFire  + . .     SeeInvis .     S - staff of power
rCold  + . .     Gourm    .     p - +2 robe {rC+ rF+}
rNeg   . . .     Faith    .     D - +0 buckler
rPois  +         Spirit   .     s - +2 helmet {Int+3}
rElec  .         Dismiss  .     o - +2 cloak
rCorr  .         Reflect  .     M - +3 pair of gauntlets of War {Slay+5}
SustAt .         Harm     +     g - +2 pair of boots
MR     +....                    N - amulet of harm
Stlth  ++........               K - ring of wizardry
                                Y - ring of poison resistance

@: delayed fireball, somewhat resistant to hostile enchantments, unstealthy
A: no striking features
a: Renounce Religion, Release Delayed Fireball


You were on level 11 of the Dungeon.
You worshipped Vehumet.
Vehumet was extremely pleased with you.
You were hungry.

You visited 3 branches of the dungeon, and saw 21 of its levels.
You also visited: Ice Cave and Volcano.

You collected 2411 gold pieces.
You spent 1058 gold pieces at shops.

Inventory:

Hand Weapons
 a - the +7 Singing Sword
   (You found it in an ice cave)
 C - the +4 scimitar of Absolution {freeze, SInv}
   (You found it on level 3 of the Lair of Beasts)

   It has been specially enchanted to freeze those struck by it, causing extra
   injury to most foes and up to half again as much damage against particularly
   susceptible opponents.
   It can also slow down cold-blooded creatures.
   It lets you see invisible.
Armour
 g - a +2 pair of boots (worn)
 o - a +2 cloak (worn)
 p - a +2 robe of resistance (worn)
 s - a +2 helmet of intelligence (worn)
 D - a +0 buckler (worn)
 M - the +3 pair of gauntlets of War (worn) {Slay+5}
   (You acquired it on level 6 of the Lair of Beasts)

   It affects your accuracy and damage with ranged weapons and melee attacks
   (+5).
Magical Staves
 S - an uncursed staff of power (weapon)
Jewellery
 i - a cursed ring of teleportation {unknown}
 A - an uncursed ring of flight
 K - a ring of wizardry (right hand)
 N - an amulet of harm (around neck)
 X - an uncursed ring of protection from cold
 Y - a ring of poison resistance (left hand)
Wands
 t - a wand of digging (18/24)
 B - a wand of polymorph (7/24)
 Q - a wand of teleportation (4/9)
Scrolls
 e - 9 scrolls of remove curse
 l - 2 scrolls of fear
 r - 3 scrolls of identify
 u - 6 scrolls of blinking
 w - a scroll of enchant armour
 z - a scroll of fog
 J - 5 scrolls of magic mapping
Potions
 d - 7 potions of curing
 f - 5 potions of brilliance
 j - a potion of invisibility
 k - 2 potions of might
 n - a potion of heal wounds
 v - 3 potions of agility
 x - 2 potions of ambrosia
 F - a potion of resistance
 G - 2 potions of magic
 T - 4 potions of cure mutation
 W - 5 potions of cancellation
Comestibles
 b - 7 royal jellies
 c - 10 bread rations
 h - 3 chunks of flesh


   Skills:
 - Level 9.3 Fighting
 - Level 14.8 Dodging
 - Level 2.4 Stealth
 - Level 5.0 Shields
 + Level 13.1 Spellcasting
 - Level 13.5 Conjurations
 - Level 8.4 Summonings
 - Level 11.2 Fire Magic


You had 2 spell levels left.
You knew the following spells:

 Your Spells              Type           Power        Failure   Level  Hunger
a - Iskenderun's Mystic   Conj           #######.     1%          4    None
b - Orb of Destruction    Conj           #######...   1%          7    ######.
c - Conjure Flame         Conj/Fire      ######..     1%          3    None
e - Delayed Fireball      Conj/Fire      N/A          2%          7    ######.
f - Fireball              Conj/Fire      ######....   1%          5    ##.....
s - Sticky Flame          Conj/Fire      ######..     1%          4    None
x - Bolt of Fire          Conj/Fire      ######....   1%          6    ####...
A - Spellforged Servitor  Conj/Summ      ######....   3%          7    ######.


Dungeon Overview and Level Annotations

Branches:
Dungeon (11/15)            Temple (0/1) D:7            Lair (8/8) D:8
 Shoals (0/4) Lair:5       Spider (0/4) Lair:5        Slime (0/6) Lair:6
    Orc (2/2) D:10            Elf (0/3) Orc:2

Altars:
Dithmenos
Elyvilon
Fedhas
Kikubaaqudgha
Makhleb
Nemelex Xobeh
Pakellas
Qazlal
Sif Muna
Vehumet
Zin
The Shining One
Jiyva

Shops:
D:5 [   Orc:2 [!?[

Portals:
Hell: Lair:8

Annotations:
D:7 1 runed door


Message History

a chain mail; a halberd
Things that are here:
an uncursed staff of cold; a chain mail; an orc skeleton
i - a blackened glass ring
Things that are here:
a robe; a dagger; a kobold skeleton
Found 14 gold pieces.
A komodo dragon comes into view.
A komodo dragon is nearby!
Casting: Spellforged Servitor
Confirm with . or Enter, or press ? or * to list all spells.
You summon a servant imbued with your destructive magic!
You are feeling hungry.
Your spellforged servitor conjures a glowing orb.
The komodo dragon barely misses you.
You hit the komodo dragon.
The komodo dragon is lightly wounded.
You block the komodo dragon's attack. The orb of destruction hits you!
Ouch! That really hurt!
You die...

#.....# #.....##
###......## #.
.....$....###........#
#....................#
#....................##
#.....l..............
#.....@.............
#$....§............#
##...§............####
#..8.......[........##
#............)÷÷......
#......##.............
#.....####....[.....[.
##...## #....)[)..>..
#.....####..[........


You could see a komodo dragon and a friendly spellforged servitor.

Vanquished Creatures
  Gastronok (Lair:1)
  Snorg (Lair:8)
  8 hydras
  A hell beast (Lair:8)
  A catoblepas (Lair:3)
  4 death yaks
  3 orc high priests (Orc:2)
  Sonja (Lair:2)
  A wizard (Lair:8)
  An unseen horror (D:10)
  A hill giant (D:11)
  3 orc knights (Orc:2)
  4 orc sorcerers
  An oklob plant (Lair:1)
  A manticore (D:11)
  Joseph (D:9)
  A griffon (Lair:8)
  A siren (Lair:5)
  2 toenail golems (Volcano)
  A centaur zombie (D:10)
  3 ice statues
  8 black mambas
  2 elephants (Lair:8)
  2 molten gargoyles (Volcano)
  A torpor snail (Lair:5)
  An efreet (Volcano)
  A gargoyle (D:9)
  14 spiny frogs
  3 orange demons (Lair:8)
  6 rime drakes
  A kobold demonologist (D:11)
  A freezing wraith (Lair:7)
  6 komodo dragons
  6 ice devils
  A hellwing (Lair:8)
  4 red devils
  12 trolls
  3 jumping spiders (Lair:5)
  A queen bee (Lair:2)
  4 polar bears
  10 blink frogs
  A boulder beetle (Lair:7)
  Sigmund (D:3)
  3 redbacks (Lair:5)
  29 yaks
  A hog (D:10)
  4 basilisks
  3 fire bats (Lair:7)
  3 wyverns
  A human (D:10)
  5 hippogriffs
  5 wargs
  Menkaure (D:7)
  A soldier ant (D:7)
  A hell hound (Lair:8)
  14 water moccasins
  9 porcupines
  A swamp drake (D:10)
  2 sky beasts
  8 ice beasts
  24 orc warriors
  6 black bears
  An eye of draining (D:9)
  3 phantoms
  A wasp (D:10)
  11 ogres
  11 wolves
  5 centaurs
  15 crocodiles
  3 big kobolds
  Blork the orc (D:5)
  19 giant frogs
  4 scorpions
  23 killer bees
  5 electric eels
  6 howler monkeys (D:10)
  9 wights
  3 lava snakes (Volcano)
  5 crimson imps
  A giant frog zombie (D:6)
  7 hounds
  A gnoll shaman (D:7)
  20 orc wizards
  Crazy Yiuf (D:2)
  A centaur skeleton (D:6)
  13 orc priests
  A giant frog skeleton (D:10)
  9 iguanas
  13 worker ants
  15 sheep
  A hound zombie (D:9)
  A worker ant zombie (D:7)
  9 gnolls
  2 howler monkey skeletons
  7 adders
  103 river rats
  3 shadow imps (D:5)
  13 white imps
  3 ufetubi (IceCv)
  An ooze (D:2)
  An adder skeleton (D:4)
  2 worms (D:5)
  4 dart slugs
  4 giant geckos
  61 orcs
  16 bats
  3 giant cockroaches (D:7)
  4 goblins
  9 hobgoblins
  11 jackals
  26 kobolds
  4 quokkas
  7 giant newts
  13 rats
  9 bushes
  3 butterflies (D:7)
  5 fungi
  10 plants
793 creatures vanquished.

Vanquished Creatures (collateral kills)
  A death yak (Lair:8)
  2 orc knights (Orc:2)
  An orc sorcerer (Orc:2)
  An elephant (Lair:8)
  2 black mambas
  3 spiny frogs
  A rime drake (Lair:8)
  A polar bear (Lair:7)
  4 yaks
  A basilisk (Lair:7)
  2 water moccasins (Lair:5)
  An ice beast (Lair:7)
  3 orc warriors (Orc:2)
  A wolf (Lair:5)
  3 crocodiles
  A giant frog (Lair:7)
  4 orc priests
  2 orc wizards
  13 river rats
  8 orcs
  5 bushes (Lair:8)
  A fungus (Lair:8)
61 creatures vanquished.

Vanquished Creatures (others)
  A white imp (IceCv)
  An ufetubus (IceCv)
  25 fungi
  9 plants
36 creatures vanquished.

Grand Total: 890 creatures vanquished

Notes
Turn   | Place    | Note
--------------------------------------------------------------
     0 | D:1      | TheGoonsmith the Deep Elf Fire Elementalist began the quest for the Orb.
     0 | D:1      | Reached XP level 1. HP: 10/10 MP: 6/6
   432 | D:1      | Reached XP level 2. HP: 15/15 MP: 4/8
   775 | D:1      | Reached XP level 3. HP: 19/19 MP: 7/9
  1528 | D:2      | Noticed Crazy Yiuf
  1534 | D:2      | Killed Crazy Yiuf
  1534 | D:2      | Reached XP level 4. HP: 24/24 MP: 6/10
  1643 | D:2      | Learned a level 4 spell: Sticky Flame
  1647 | D:2      | Learned a level 3 spell: Conjure Flame
  1915 | D:3      | Found a shadowy altar of Dithmenos.
  1918 | D:3      | Noticed a giant frog
  1933 | D:3      | Killed a giant frog
  1933 | D:3      | Reached XP level 5. HP: 12/28 MP: 2/11
  2153 | D:3      | Reached skill level 5 in Fire Magic
  2377 | D:3      | Noticed Sigmund
  2381 | D:3      | Killed Sigmund
  2381 | D:3      | Reached skill level 5 in Conjurations
  2381 | D:3      | Reached XP level 6. HP: 21/32 MP: 7/12
  3078 | D:4      | Found an ancient bone altar of Kikubaaqudgha.
  3199 | D:4      | Found a blossoming altar of Fedhas.
  3201 | D:4      | Found a radiant altar of Vehumet.
  3201 | D:4      | Found a stormy altar of Qazlal.
  3211 | D:4      | Became a worshipper of Vehumet
  3355 | D:4      | Reached XP level 7. HP: 26/36 MP: 8/14
  3634 | D:5      | Entered Level 5 of the Dungeon
  3644 | D:5      | Learned a level 5 spell: Fireball
  3653 | D:5      | Found Pyfem's Armour Shop.
  3837 | D:5      | Found a white marble altar of Elyvilon.
  4209 | D:5      | Reached XP level 8. HP: 34/41 MP: 3/17
  4429 | D:5      | Reached skill level 5 in Spellcasting
  4612 | D:5      | Noticed Blork the orc
  4625 | D:5      | Killed Blork the orc
  4634 | D:5      | Found a deep blue altar of Sif Muna.
  4791 | D:5      | Learned a level 4 spell: Iskenderun's Mystic Blast
  5355 | D:6      | Reached skill level 1 in Shields
  5478 | D:6      | Reached * piety under Vehumet
  5478 | D:6      | Offered knowledge of Sandblast by Vehumet.
  5609 | D:6      | Reached XP level 9. HP: 45/45 MP: 14/19
  5702 | D:6      | Found an oddly glowing altar of Pakellas.
  6182 | D:7      | Noticed Menkaure
  6191 | D:7      | Killed Menkaure
  6427 | D:7      | Reached skill level 5 in Shields
  6545 | D:7      | Reached skill level 1 in Fighting
  6740 | D:7      | Found a runed door.
  6757 | D:7      | Found a runed door.
  6763 | D:7      | Offered knowledge of Freeze by Vehumet.
  6764 | D:7      | Reached ** piety under Vehumet
  7041 | D:7      | Found a staircase to the Ecumenical Temple.
  8178 | D:8      | Found a sparkling altar of Nemelex Xobeh.
  8515 | D:8      | Reached XP level 10. HP: 56/56 MP: 25/25
  8517 | D:8      | Offered knowledge of Ignite Poison by Vehumet.
  8655 | D:8      | Reached *** piety under Vehumet
  8855 | D:8      | Found a glowing silver altar of Zin.
  8885 | D:8      | Reached skill level 3 in Dodging
  9174 | D:8      | Found a staircase to the Lair.
  9236 | D:9      | Reached skill level 4 in Dodging
  9298 | D:9      | Noticed Joseph
  9303 | D:9      | Killed Joseph
  9303 | D:9      | Reached skill level 5 in Dodging
  9524 | D:9      | Reached skill level 6 in Dodging
  9579 | D:9      | Offered knowledge of Mephitic Cloud by Vehumet.
  9674 | D:9      | Reached skill level 7 in Dodging
  9675 | D:9      | Noticed a gargoyle
  9682 | D:9      | Killed a gargoyle
  9799 | D:9      | Reached skill level 8 in Dodging
  9925 | D:9      | Reached skill level 9 in Dodging
  9937 | D:9      | Reached skill level 10 in Dodging
 10134 | D:9      | Reached XP level 11. HP: 60/60 MP: 26/26
 10666 | D:9      | Found a glowing golden altar of the Shining One.
 10902 | D:10     | Entered Level 10 of the Dungeon
 11075 | D:10     | Reached **** piety under Vehumet
 11270 | D:10     | Learned a level 7 spell: Orb of Destruction
 11313 | D:10     | Offered knowledge of Force Lance by Vehumet.
 11452 | D:10     | Reached skill level 10 in Fire Magic
 11740 | D:10     | Found a staircase to the Orcish Mines.
 11937 | D:10     | Reached skill level 10 in Conjurations
 11961 | D:10     | Noticed an unseen horror
 11964 | D:10     | Killed an unseen horror
 12597 | Lair:1   | Entered Level 1 of the Lair of Beasts
 12636 | Lair:1   | Found a frozen archway.
 12663 | IceCv    | Entered an ice cave
 12680 | IceCv    | Reached ***** piety under Vehumet
 12680 | IceCv    | Offered knowledge of Bolt of Draining by Vehumet.
 12781 | IceCv    | Reached skill level 10 in Spellcasting
 13412 | IceCv    | HP: 3/60 [something (7)]
 13732 | Lair:1   | Reached XP level 12. HP: 64/64 MP: 28/28
 13735 | Lair:1   | Noticed Gastronok
 13741 | Lair:1   | Killed Gastronok
 14542 | Lair:1   | Learned a level 7 spell: Spellforged Servitor
 14554 | Lair:2   | Noticed Sonja
 14557 | Lair:2   | Killed Sonja
 14557 | Lair:2   | Reached skill level 1 in Summonings
 14901 | Lair:2   | Noticed an eight-headed hydra
 14906 | Lair:2   | Killed an eight-headed hydra
 14946 | Lair:2   | Offered knowledge of Ozocubu's Refrigeration by Vehumet.
 15658 | Lair:3   | Reached skill level 5 in Summonings
 15673 | Lair:3   | Noticed a catoblepas
 15689 | Lair:3   | Killed a catoblepas
 16207 | Lair:3   | Got a bloodstained scimitar
 16210 | Lair:3   | Identified the +4 scimitar of Absolution {freeze, SInv} (You found it on level 3 of the Lair of Beasts)
 16606 | Lair:4   | You fall through a shaft!
 17107 | Lair:4   | Reached XP level 13. HP: 55/68 MP: 31/31
 17439 | Lair:4   | Offered knowledge of Delayed Fireball by Vehumet.
 17481 | Lair:4   | Learned a level 7 spell: Delayed Fireball
 18063 | Lair:5   | Found a hole to the Spider Nest.
 18693 | Lair:5   | Reached skill level 11 in Dodging
 18766 | Lair:5   | Found a staircase to the Shoals.
 19286 | Lair:6   | Identified a scroll of acquirement
 19456 | Lair:6   | Reached skill level 12 in Dodging
 19596 | Lair:6   | Found a viscous altar of Jiyva.
 19596 | Lair:6   | Found a staircase to the Slime Pits.
 20522 | Lair:7   | Reached skill level 5 in Fighting
 20532 | Lair:7   | Found a dark tunnel.
 20659 | Volcano  | Entered a volcano
 20871 | Volcano  | Offered knowledge of Conjure Ball Lightning by Vehumet.
 20914 | Volcano  | Found a bloodstained altar of Trog.
 20919 | Volcano  | Reached skill level 13 in Dodging
 20924 | Volcano  | Reached XP level 14. HP: 78/78 MP: 19/32
 22075 | Lair:8   | Entered Level 8 of the Lair of Beasts
 22953 | Lair:8   | Noticed Snorg
 22958 | Lair:8   | Killed Snorg
 22958 | Lair:8   | Reached skill level 14 in Dodging
 23436 | Lair:8   | Found a burning altar of Makhleb.
 23889 | Lair:8   | Offered knowledge of Poison Arrow by Vehumet.
 24074 | Lair:8   | Found a gateway to Hell.
 24082 | Lair:8   | Identified the Reference Book on Evil Secrets and Conjuration
 24648 | Orc:1    | Entered Level 1 of the Orcish Mines
 24944 | Orc:2    | Entered Level 2 of the Orcish Mines
 25281 | Orc:2    | Found a staircase to the Elven Halls.
 25301 | Orc:2    | Offered knowledge of Bolt of Fire by Vehumet.
 25314 | Orc:2    | Learned a level 6 spell: Bolt of Fire
 26432 | Orc:2    | Found Bolu's Antique Armour Shop.
 26432 | Orc:2    | Found Roug's Armour Shop.
 26433 | Orc:2    | Found Wiehupo's Magic Scroll Shoppe.
 26438 | Orc:2    | Found Hofa's Distillery.
 26440 | Orc:2    | Bought a +2 pair of boots for 181 gold pieces
 26457 | Orc:2    | Bought a dull robe for 142 gold pieces
 26457 | Orc:2    | Bought a runed helmet for 112 gold pieces
 26468 | Orc:2    | Identified the +1 robe of the Gloaming {+Inv Str+4} (You bought it in a shop on level 2 of the Orcish Mines)
 26615 | Orc:2    | Bought a potion of brilliance for 56 gold pieces
 26615 | Orc:2    | Bought a potion of curing for 42 gold pieces
 26615 | Orc:2    | Bought a potion of invisibility for 112 gold pieces
 26615 | Orc:2    | Bought a potion of brilliance for 56 gold pieces
 26615 | Orc:2    | Bought a potion of agility for 56 gold pieces
 26623 | Orc:2    | Bought a scroll of magic mapping for 49 gold pieces
 26623 | Orc:2    | Bought a scroll of amnesia for 49 gold pieces
 26623 | Orc:2    | Bought a scroll of enchant armour for 105 gold pieces
 26623 | Orc:2    | Bought a scroll of amnesia for 49 gold pieces
 26623 | Orc:2    | Bought a scroll of amnesia for 49 gold pieces
 26962 | D:11     | Offered knowledge of Poisonous Cloud by Vehumet.
 26969 | D:11     | Reached XP level 15. HP: 90/90 MP: 5/34
 27239 | D:11     | Blown up by a spellforged servitor

Vault maps used:
D:1:      dpeg_arrival_stone_temple_mockup
D:2:      first_bread, uniq_crazy_yiuf_cottage
D:3:      nicolae_dithmenos_shadow_blocks, uniq_sigmund
D:4:      kiku_gazebo_pond_becter, grunt_temple_overflow_open
D:5:      lemuel_crystal_altar, tgw_sif, serial_shops, shop
D:6:      grunt_pakellas_basics
D:7:      lemuel_insect_pit, minmay_temple_entry_nine_rooms, uniq_menkaure
D:8:      nemelex_xobeh_ov_fountains_minmay, nicolae_overflow_hidden_temple,
          grunt_lair_entry_orc_guard_hut
D:9:      lemuel_troll_bridge, tso_altar, uniq_joseph
D:10:     erik_orc_1, grunt_livestock, kennysheep_small_circle
Lair:1:   portal_ice_cave_entry_pillars_2, minmay_lair_oklob_bushes,
          grunt_megastairs_3, serial_bayou_shore_a, uniq_gastronok
Lair:2:   uniq_sonja
Lair:4:   minmay_lair_drake_nest
Lair:5:   minmay_shoals_entry_lonely_mermaid, nicolae_spider_entry_tight_spaces,
          lemuel_fruit_fields
Lair:6:   slime_altar_1, wad_woods_04, grunt_megastairs_4
Lair:7:   nicolae_volcano_entry_batcave, serial_bayou_pond_b, ice2_lemuel,
          lemuel_fruit_tree, bh_autumn_forest_stairs, lemuel_fruit_fields
Lair:8:   evil_forest, serial_bayou, serial_bayou_pond_e, serial_bayou_shore_b,
          serial_bayou_ford_a, serial_bayou_pond_c, serial_bayou_lake_a,
          uniq_snorg
Orc:2:    st_orc_elflike
IceCv:    ice_cave_small_demon
Volcano:  volcano_lake

Skill      XL: |  1  2  3  4  5  6  7  8  9 10 11 12 13 14 |
---------------+-------------------------------------------+-----
Conjurations   | 2 3 4 5 6 8 11 13 | 13.5
Fire Magic     | 4 5 6 7 8 10 11 | 11.2
Spellcasting   | 4 5 9 10 12 13 | 13.1
Shields        | 3 5 |  5.0
Fighting       | 3 5 9 |  9.3
Dodging        | 10 13 14 | 14.8
Summonings     | 6 8 |  8.4
Stealth        | |  2.4

Action                   |  1- 3 |  4- 6 |  7- 9 | 10-12 | 13-15 || total
-------------------------+-------+-------+-------+-------+-------++-------
Melee: Unarmed           |     5 |       |       |       |       ||     5
       Dagger            |       |    10 |     6 |       |       ||    16
       Staff             |       |       |       |     5 |    28 ||    33
 Cast: Flame Tongue      |    62 |    81 |   197 |   272 |   184 ||   796
       Sticky Flame      |       |       |     7 |    29 |    42 ||    78
       Fireball          |       |       |    28 |   169 |   206 ||   403
       Conjure Flame     |       |       |     3 |     5 |     2 ||    10
       Iskenderun's Myst |       |       |     2 |     9 |    31 ||    42
       Spellforged Servi |       |       |       |       |    33 ||    33
       Orb of Destructio |       |       |       |       |    18 ||    18
       Delayed Fireball  |       |       |       |       |     1 ||     1
       Bolt of Fire      |       |       |       |       |    15 ||    15
  Use: Scroll            |       |       |    16 |    14 |    12 ||    42
       Potion            |       |       |       |     3 |     2 ||     5
  Eat: Chunk             |     1 |     6 |    17 |    28 |    24 ||    76
       Beef jerky        |       |       |     1 |     1 |     6 ||     8
       Meat ration       |       |       |     1 |     1 |     4 ||     6
       Bread ration      |       |       |       |     3 |     3 ||     6
       Royal jelly       |       |       |       |     2 |     2 ||     4
Armor: Robe              |     3 |     6 |     1 |     5 |    31 ||    46
       Leather armour    |       |       |       |    19 |       ||    19
Dodge: Dodged            |    24 |    22 |    38 |    74 |   122 ||   280
Block: Buckler           |       |       |     2 |    20 |    40 ||    62
